 Dungeon Crawl Stone Soup version 0.27.0-1-g7a089689b8 (webtiles) character file.

Game seed: 4968153779976727335

63 Brandom the Skirmisher (level 4, -27/40 HPs)
             Began as a Hill Orc Abyssal Knight on Aug 11, 2021.
             Was a Believer of Lugonu.
             Annihilated by an ogre (31 damage)
             ... on level 2 of the Dungeon.
             The game lasted 00:06:30 (3117 turns).

Brandom the Skirmisher (Hill Orc Abyssal Knight)    Turns: 3117, Time: 00:06:31

Health: -27/40     AC:  6    Str: 15    XL:     4   Next: 9%
Magic:  6/6        EV: 10    Int: 12    God:    Lugonu [**....]
Gold:   60         SH:  0    Dex: 10    Spells: 3/3 levels left

rFire    . . .     SeeInvis .   a - +1 hand axe
rCold    . . .     Faith    .   (no shield)
rNeg     . . .     Spirit   .   f - +0 ring mail
rPois    .         Reflect  .   m - +0 helmet
rElec    .         Harm     .   (no cloak)
rCorr    .         Rampage  .   (no gloves)
Will     .....                  (no boots)
Stlth    ..........             (no amulet)
HPRegen  0.13/turn              (no ring)
MPRegen  0.10/turn              (no ring)

@: no status effects
A: no striking features
a: Renounce Religion, Depart the Abyss, Bend Space


You were on level 2 of the Dungeon.
You worshipped Lugonu.
Lugonu was pleased with you.
You visited 1 branch of the dungeon, and saw 3 of its levels.
You visited the Abyss 1 time.

You collected 60 gold pieces.

Inventory:

Hand Weapons
 a - a +1 hand axe (weapon)
Armour
 b - a +0 leather armour
 f - a +0 ring mail (worn)
   (You found it on level 1 of the Dungeon)
 m - a +0 helmet (worn)
   (You found it on level 2 of the Dungeon)
Scrolls
 e - a scroll of torment {unknown}
 g - 4 scrolls of vulnerability {unknown}
 i - 3 scrolls of enchant weapon {unknown}
 k - a scroll of teleportation {unknown}
 l - 2 scrolls of amnesia {unknown}
 n - a scroll of identify {unknown}
Potions
 c - a potion of magic {unknown}
 d - a potion of haste {unknown}
 h - a potion of brilliance {unknown}
 j - a potion of attraction {unknown}
 o - a potion of curing {unknown}
 p - a potion of resistance {unknown}


   Skills:
 + Level 4.1 Fighting
 * Level 4.1 Axes
 + Level 2.8 Armour
 - Level 1.0 Dodging
 + Level 3.2 Invocations


You had 3 spell levels left.
You didn't know any spells.
Your spell library was empty.

Dungeon Overview and Level Annotations

Branches:
Dungeon (3/15)

Altars:


Message History

* * * LOW HITPOINT WARNING * * *
You see here a bat corpse.
There is a stone staircase leading up here.
The ogre hits you with a +0 giant club!
* * * LOW HITPOINT WARNING * * *
You climb upwards.
There is a stone staircase leading down here.
Space bends around you!
You blink.
You see here a +0 leather armour.
Really walk into that dispersal trap?
You enter a dispersal trap!
The ogre blinks!
You blink.
There is a stone staircase leading up here.
You climb upwards.
There is a stone staircase leading down here.
You start resting.
You climb downwards.
The ogre misses you.
There is a stone staircase leading up here.
You barely miss the ogre. The ogre hits you with a +0 giant club.
You hit the ogre. The ogre barely misses you.
You hit the ogre. The ogre barely misses you.
You hit the ogre but do no damage. The ogre hits you with a +0 giant club!
You hit the ogre. The ogre barely misses you.
You barely miss the ogre. You hit the ogre. The ogre closely misses you.
You hit the ogre but do no damage.
The ogre hits you with a +0 giant club!!
Ouch! That really hurt!
* * * LOW HITPOINT WARNING * * *
Space bends around you!
You blink.
Splash!
You fall into the shallow water.
Moving in this stuff is going to be slow.
There is a stone staircase leading up here.
Unknown command.
You climb upwards.
There is a stone staircase leading down here.
You start resting.
You climb downwards.
The ogre hits you with a +0 giant club!!
Ouch! That really hurt!
* * * LOW HITPOINT WARNING * * *
The ogre hits you with a +0 giant club!
* * * LOW HITPOINT WARNING * * *
There is a stone staircase leading up, spattered with blood here.
Unknown command.
Unknown command.
Unknown command.
The ogre hits you with a +0 giant club!!
Ouch! That really hurt!
You die...

#.# #.# #...........#
#.#
###.######.#######.#
#.####...O...##.# #.#
#.....§#####.##.# #.#
######.# #.##.# #.#
#.# #....# #.# #.#
#.##########.#
#^#####............#
#...O@.......#########
###.####.#>...........
#.# #.(...≈.≈≈##...
#.# #..≈≈.♣≈.......
#####.#
#..≈≈.≈.≈......
#.....#
#.#.≈.♣..≈#<...
#.#####
#≈....≈..≈..... #.#
#..≈....≈...... #.#
#≈.≈≈≈≈≈..≈....


You could see an ogre.

Vanquished Creatures
  An adder (D:2)
  A worm (D:2)
  A dart slug (D:2)
  4 ball pythons
  5 bats
  5 endoplasms
  2 giant cockroaches
  8 goblins
  5 hobgoblins
  2 jackals (D:1)
  2 kobolds (D:1)
  A quokka (D:1)
  2 frilled lizards
  5 rats
44 creatures vanquished.

Notes
Turn   | Place    | Note
-------+----------+-------------------------------------------
     0 | Abyss:1  | Brandom the Hill Orc Abyssal Knight began the quest for the
                  | Orb.
     0 | Abyss:1  | Reached XP level 1. HP: 19/19 MP: 2/2
    75 | D:1      | Escaped the Abyss
   431 | D:1      | Reached * piety under Lugonu
   443 | D:1      | Reached skill level 1 in Dodging
   443 | D:1      | Reached XP level 2. HP: 9/27 MP: 3/3
   668 | D:1      | Found a faded altar of an unknown god.
  1267 | D:1      | Reached XP level 3. HP: 30/33 MP: 5/5
  1775 | D:2      | Reached ** piety under Lugonu
  2370 | D:2      | Reached XP level 4. HP: 32/40 MP: 6/6
  2497 | D:3      | Noticed an ogre
  3117 | D:2      | Annihilated by an ogre

Illustrated notes

Levels and vault maps discovered:
D:1:      matt_arrival_diagonals, layout_loops_ring,
          dreamdust_ecumenical_altar_angels_and_demons, minmay_misc_feat_cross
D:2:      layout_loops_ring, serial_rivers, chequers_serial_rivers_marsh,
          chequers_serial_rivers_marsh, chequers_serial_rivers_micro_a,
          chequers_serial_rivers_marsh, minmay_goblin_kobold_house
D:3:      layout_basic, serial_shops, nicolae_shop_competitors_out_of_business,
          kennysheep_doodads, minmay_misc_feat_enclosed, minivault_26,
          uniq_jessica

Skill      XL: |  1  2  3 |
---------------+----------+-----
Axes           | 3 4 |  4.1
Dodging        | 1 |  1.0
Invocations    | 3 |  3.2
Fighting       | 4 |  4.1
Armour         | |  2.8

Action                   |  1- 3 |  4- 6 || total
-------------------------+-------+-------++-------
Melee: Hand axe          |   140 |    16 ||   156
Invok: Depart the Abyss  |     1 |       ||     1
       Bend Space        |       |     2 ||     2
Armor: Ring mail         |    62 |     3 ||    65
       Leather armour    |     5 |       ||     5
Dodge: Dodged            |    79 |    14 ||    93
